 Dungeon Crawl Stone Soup version 0.28-a0-1624-g820543e53a (webtiles) character file.

Game seed: 11590158703882530549

137 jlumianski the Firebug (level 5, -7/38 HPs)
             Began as a Hill Orc Fire Elementalist on Jan 23, 2022.
             Mangled by Crazy Yiuf (11 damage)
             ... on level 4 of the Dungeon.
             The game lasted 00:14:31 (4113 turns).

jlumianski the Firebug (Hill Orc Fire Elementalist) Turns: 4113, Time: 00:14:31

Health: -7/38      AC:  5    Str: 13    XL:     5   Next: 20%
Magic:  3/8        EV: 12    Int: 15    God:
Gold:   104        SH:  0    Dex: 11    Spells: 6/9 levels left

rFire   . . .      SeeInvis .   j - +2 dagger (venom)
rCold   . . .      Faith    .   (no shield)
rNeg    . . .      Spirit   .   a - +0 robe
rPois   .          Reflect  .   (no helmet)
rElec   .          Harm     .   (no cloak)
rCorr   .          Rampage  .   (no gloves)
Will    .....                   o - +2 pair of boots
Stlth   ++........              c - amulet of the acrobat
HPRegen 0.12/turn               (no ring)
MPRegen 0.11/turn               (no ring)

@: invisible (expiring)
A: no striking features
a: no special abilities


You were on level 4 of the Dungeon.
You visited 1 branch of the dungeon, and saw 4 of its levels.

You collected 128 gold pieces.
You spent 24 gold pieces at shops.

Inventory:

Hand Weapons
 g - a +1 short sword of protection
 j - a +2 dagger of venom (weapon)
 n - a +0 hunting sling of freezing
Missiles
 d - 158 stones
 k - 9 poisoned darts (quivered)
 m - 38 bolts
Armour
 a - a +0 robe (worn)
 o - a +2 pair of boots (worn)
Jewellery
 c - an amulet of the acrobat (around neck)
Scrolls
 b - a scroll of fear
 e - 3 scrolls of teleportation
 f - 2 scrolls of vulnerability
 l - a scroll of torment
 p - a scroll of enchant armour
Potions
 h - a potion of curing
 i - a potion of lignification


   Skills:
 + Level 0.1 Fighting
 + Level 0.2 Short Blades
 + Level 2.0 Dodging
 + Level 2.2 Stealth
 + Level 0.4 Unarmed Combat
 + Level 2.5 Spellcasting
 + Level 1.9 Conjurations
 + Level 4.3 Fire Magic


You had 6 spell levels left.
You knew the following spells:

 Your Spells              Type           Power      Damage    Failure   Level
a - Foxfire               Conj/Fire      44%        2x1d6     6%          1
b - Scorch                Fire           28%        2d6       5%          2

Your spell library contained the following spells:

 Spells                   Type           Power      Damage    Failure   Level
 Conjure Flame            Conj/Fire      11%        6-21      19%         3
 Inner Flame              Hex/Fire       8%         N/A       26%         3
 Flame Wave               Conj/Fire      11%        2d5       52%         4


Dungeon Overview and Level Annotations

Branches:
Dungeon (4/15)
 Temple: D:4-7

Altars:

Shops:
D:1 =   D:2 ?

Annotations:
D:4 Crazy Yiuf


Message History

The foxfire hits Crazy Yiuf but does no damage.
The foxfire hits Crazy Yiuf.
Crazy Yiuf is lightly wounded.
You barely miss Crazy Yiuf.
Crazy Yiuf is lightly wounded.
Crazy Yiuf hits you with a +4 quarterstaff of chaos.
Crazy Yiuf freezes you.
Casting: Foxfire (safe; 6% risk of failure)
Confirm with . or Enter, or press ? or * to list all spells.
Flames lash Crazy Yiuf but do no damage.
Crazy Yiuf zaps a wand.
The puff of flame hits you!
Casting: Scorch (safe; 5% risk of failure)
Confirm with . or Enter, or press ? or * to list all spells.
Flames lash Crazy Yiuf.
Crazy Yiuf is heavily wounded.
Crazy Yiuf's fire resistance burns away.
Crazy Yiuf hits you with a +4 quarterstaff of chaos!
* * * LOW HITPOINT WARNING * * *
You fade into invisibility!
You hit Crazy Yiuf but do no damage.
Crazy Yiuf is heavily wounded.
Crazy Yiuf zaps a wand.
The puff of flame hits you!
* * * LOW HITPOINT WARNING * * *
Casting: Scorch (safe; 5% risk of failure)
Confirm with . or Enter, or press ? or * to list all spells.
Okay, then.
Crazy Yiuf says, "Action!"
Crazy Yiuf is no longer more vulnerable to fire.
Crazy Yiuf says, "Crazy?
Crazy!?
PORCUPINE!"
There is a stone staircase leading up here.
Casting: Scorch (safe; 5% risk of failure)
Confirm with . or Enter, or press ? or * to list all spells.
You conjure some foxfire!
The foxfire hits Crazy Yiuf.
Crazy Yiuf is severely wounded.
The foxfire hits Crazy Yiuf.
Crazy Yiuf is severely wounded.
You flicker for a moment.
Crazy Yiuf hits you with a +4 quarterstaff of chaos!
You die...

############# #...........#
## ♣♣############.# )..#♣♣
♣♣.....g@.....#.#
...'.♣♣♣♣......#§####.#.###
...#♣g.♣.......#.# #.....#
## ♣♣♣.♣....#.#.####.....#
♣♣♣♣♣###.#...##.....#
##.###.##.....#
#......##)....#
####.#.#.##.#.###
#....#.#.##.#.#


You could see Crazy Yiuf.

Vanquished Creatures
  4 gnolls
  4 adders
  5 dart slugs
  2 orcs (D:3)
  5 endoplasms
  3 giant cockroaches
  2 goblins
  3 jackals (D:2)
  A quokka (D:1)
  7 ball pythons
  6 bats
  4 frilled lizards
  4 kobolds
  8 rats
58 creatures vanquished.

Vanquished Creatures (others)
  127 foxfires
127 creatures vanquished.

Grand Total: 185 creatures vanquished

Notes
Turn   | Place    | Note
-------+----------+-------------------------------------------
     0 | D:1      | jlumianski the Hill Orc Fire Elementalist began the quest
                  | for the Orb.
     0 | D:1      | Reached XP level 1. HP: 14/14 MP: 3/3
   333 | D:1      | Reached XP level 2. HP: 13/20 MP: 1/4
   935 | D:1      | Found Cirud's One-of-a-Kind Rings.
   968 | D:1      | Reached XP level 3. HP: 26/26 MP: 2/5
  1150 | D:1      | Reached skill level 4 in Fire Magic
  1230 | D:2      | Found Nudanuj's Magic Scroll Shoppe.
  1237 | D:2      | Bought a scroll of identify for 24 gold pieces
  1375 | D:2      | Learned a level 2 spell: Scorch
  2647 | D:3      | Reached XP level 4. HP: 19/33 MP: 4/7
  2983 | D:3      | Found a faded altar of an unknown god.
  3241 | D:3      | Reached XP level 5. HP: 7/38 MP: 1/8
  4088 | D:4      | Found a runed translucent door.
  4089 | D:4      | Noticed Crazy Yiuf
  4113 | D:4      | Mangled by Crazy Yiuf

Illustrated notes

Levels and vault maps discovered:
D:1:      onia_arrival_mini_spirals, layout_basic, nicolae_shop_unique_rings,
          chequers_mini_garden, minmay_misc_feat_rugged
D:2:      layout_basic, serial_shops, nicolae_shop_statue_plus,
          minmay_strange_pillars
D:3:      layout_basic, chequers_ecumenical_altar_simple, minmay_circle_x
D:4:      layout_basic, minmay_temple_entry_fiery, uniq_crazy_yiuf_cottage,
          uniq_grinder

Skill      XL: |  1  2  3  4 |
---------------+-------------+-----
Fire Magic     | 4 |  4.3
Spellcasting   | 2 |  2.5
Dodging        | 2 |  2.0
Stealth        | 2 |  2.2
Fighting       | |  0.1
Short Blades   | |  0.2
Unarmed Combat | |  0.4
Conjurations   | |  1.9

Action                   |  1- 3 |  4- 6 || total
-------------------------+-------+-------++-------
Melee: Unarmed           |    11 |       ||    11
       Short sword       |     2 |       ||     2
       Dagger            |    23 |    14 ||    37
 Cast: Foxfire           |    48 |    24 ||    72
       Scorch            |       |     7 ||     7
  Use: Scroll            |     6 |     5 ||    11
 Stab: Sleeping          |     1 |     1 ||     2
Armor: Robe              |     8 |     2 ||    10
Dodge: Dodged            |    41 |    14 ||    55

Table legend: (Time is in decaauts)
 A = Elapsed time spent in this place.
 B = Non-inter-level travel time spent in this place.
 C = Inter-level travel time spent in this place.
 D = Time resting spent in this place.
 E = Time spent auto-exploring this place.
 F = Levels seen in this place.
 G = Mean time per level.
                   A        B        C        D        E       F      G
               +--------+--------+--------+--------+--------+-----+--------+
         Total |   4117 |   3967 |    150 |    345 |   2889 |   4 | 1029.2 |
       Dungeon |   4117 |   3967 |    150 |    345 |   2889 |   4 | 1029.2 |
               +--------+--------+--------+--------+--------+-----+--------+

Top non-repeatable levels by time:
     D:1: 1522 daAuts
     D:2: 1416 daAuts
     D:3: 1050 daAuts
     D:4: 127 daAuts
